 Dungeon Crawl Stone Soup version 0.18.1-1-g2f07953 (webtiles) character file.

18305 RKaid the Severer (level 12, 0/115 HPs)
             Began as a Minotaur Fighter on May 6, 2016.
             Was a High Priest of Okawaru.
             Slain by a 12-headed hydra (3 damage)
             ... on level 5 of the Lair of Beasts.
             The game lasted 00:37:28 (10974 turns).

RKaid the Severer (Minotaur Fighter)               Turns: 10974, Time: 00:37:29

Health: 0/115      AC: 19    Str: 40    XL:     12   Next: 26%
Magic:  18/20      EV: 14    Int: 12    God:    Okawaru [*****.]
Gold:   596        SH:  7    Dex: 16    Spells: 0 memorised, 11 levels left

rFire  . . .     SeeInvis .     a - +3 war axe "Fany" {chop, MP+9 Str+4 Dex+4 Stlth+}
rCold  + . .     Gourm    .     P - +4 ring mail {rPois}
rNeg   . . .     Faith    .     K - +0 buckler
rPois  +         Spirit   .     b - +0 hat {Int+3}
rElec  .         Dismiss  .     v - +0 cloak
rCorr  .         Reflect  .     F - +1 pair of gloves of Integrity {rC+ Str+7 Dex-2}
SustAt .         Harm     .     N - +0 pair of boots
MR     .....                    p - amulet of regeneration {+regen, !d}
Stlth  +++.......               L - ring "Nastrast" {AC+2 Str+4 Int+4}
                                e - +3 ring of strength

@: heroism, not resistant to hostile enchantments, fairly stealthy
A: retaliatory headbutt, horns 2
a: Heroism, Finesse, Renounce Religion


You were on level 5 of the Lair of Beasts.
You worshipped Okawaru.
Okawaru was extremely pleased with you.
You were not hungry.

You visited 3 branches of the dungeon, and saw 14 of its levels.

You collected 596 gold pieces.

Inventory:

Hand Weapons
 a - the +3 war axe "Fany" (weapon) {chop, MP+9 Str+4 Dex+4 Stlth+}
   (You found it on level 6 of the Dungeon)

   It inflicts extra damage upon your enemies.
   It affects your strength (+4).
   It affects your dexterity (+4).
   It affects your magic capacity (+9).
   It makes you more stealthy.
Missiles
 R - 4 javelins of penetration (quivered)
Armour
 b - a +0 hat of intelligence (worn)
   (You took it off Gastronok on level 8 of the Dungeon)
 c - a +0 shield
 v - a +0 cloak (worn)
   (You found it on level 5 of the Dungeon)
 F - the +1 pair of gloves of Integrity (worn) {rC+ Str+7 Dex-2}
   (Okawaru gifted it to you on level 3 of the Lair of Beasts)

   It affects your strength (+7).
   It affects your dexterity (-2).
   It protects you from cold.
 K - a +0 buckler (worn)
   (You found it on level 3 of the Lair of Beasts)
 N - a +0 pair of boots (worn)
   (You found it on level 8 of the Dungeon)
 P - a +4 ring mail of poison resistance (worn)
   (You took it off Joseph on level 8 of the Dungeon)
Magical Staves
 t - an uncursed staff of wizardry {wiz+, !a}
   (You found it on level 3 of the Lair of Beasts)
 O - an uncursed staff of fire {rF+}
   (You found it on level 4 of the Lair of Beasts)
Jewellery
 e - a +3 ring of strength (left hand)
   (You found it on level 1 of the Dungeon)
 g - an uncursed ring of positive energy {rN+}
   (You found it on level 1 of the Dungeon)
 m - an uncursed ring of protection from fire {rF+, !d}
   (You found it on level 2 of the Dungeon)
 p - an amulet of regeneration (around neck) {+regen, !d}
   (You found it on level 5 of the Dungeon)
 D - an uncursed ring of protection from fire {rF+, !d}
   (You found it on level 6 of the Dungeon)
 L - the ring "Nastrast" (right hand) {AC+2 Str+4 Int+4}
   (You found it on level 4 of the Lair of Beasts)

   [ring of protection]

   It affects your AC (+2).
   It affects your strength (+4).
   It affects your intelligence (+4).
Wands
 q - a wand of digging (18/24)
   (You found it on level 4 of the Dungeon)
 x - a wand of acid (0/15)
   (You found it on level 3 of the Lair of Beasts)
 B - a wand of polymorph (8/24)
   (You found it on level 7 of the Dungeon)
 G - a wand of confusion (14/48)
   (You found it on level 3 of the Lair of Beasts)
 H - a wand of lightning (5/15)
   (You found it on level 5 of the Lair of Beasts)
Scrolls
 i - 2 scrolls of identify
 j - 2 scrolls of immolation {!r}
 l - 2 scrolls of remove curse
 r - 5 scrolls of teleportation
 A - 2 scrolls of holy word {!r}
 M - 2 scrolls of amnesia
Potions
 d - 2 potions of might
 k - 11 potions of curing
 n - a potion of haste
 s - a potion of invisibility
 u - a potion of cancellation
 w - 3 potions of flight
 z - 2 potions of heal wounds
 C - a potion of brilliance
 E - 3 potions of lignification {!q}
 J - 2 potions of resistance
Books
 h - a book of the Sky
   (You found it on level 1 of the Lair of Beasts)
Miscellaneous
 y - a plain deck of wonders
   (You found it on level 3 of the Lair of Beasts)
 I - a disc of storms
   (You found it on level 3 of the Lair of Beasts)
Comestibles
 f - 10 bread rations
 o - 7 meat rations


   Skills:
 - Level 13.1(18.1) Fighting
 * Level 16.9(21.9) Axes
 - Level 4.2(9.2) Throwing
 - Level 7.2(12.2) Armour
 - Level 6.9(11.9) Shields


You had 11 spell levels left.
You didn't know any spells.

Dungeon Overview and Level Annotations

Branches:
Dungeon (8/15)             Temple (1/1) D:5            Lair (5/8) D:8
 Shoals (0/4) Lair:3
  Snake: Lair:3-6    Spider: Lair:3-6

Altars:
Ashenzari
Cheibriados
Dithmenos
Elyvilon
Fedhas
Gozag
Kikubaaqudgha
Makhleb
Nemelex Xobeh
Okawaru
Pakellas
Qazlal
Ru
Sif Muna
Vehumet
Xom
Yredelemnul
Zin

Annotations:
Lair:1 exclusions: electric eel and 2 more exclusions
Lair:3 exclusion: hydra


Innate Abilities, Weirdness & Mutations

You reflexively headbutt those who attack you in melee.
You have a pair of horns on your head.


Message History

This wand has 0 charges left.
All of the chunks of flesh in your inventory have rotted away.
You slice one of the seven-headed hydra's heads off!
The six-headed hydra grows two more!
You slash the eight-headed hydra!
Your headbutt misses the eight-headed hydra.
The eight-headed hydra bites you! The eight-headed hydra bites you.
The eight-headed hydra bites you!
You block the eight-headed hydra's attack.
The eight-headed hydra bites you. x2
The eight-headed hydra closely misses you.
The eight-headed hydra bites you but does no damage.
You barely miss the eight-headed hydra.
You headbutt the eight-headed hydra, but do no damage.
The eight-headed hydra closely misses you.
You block the eight-headed hydra's attack.
The eight-headed hydra bites you.
The eight-headed hydra bites you but does no damage.
The eight-headed hydra barely misses you.
The eight-headed hydra bites you.
The eight-headed hydra bites you but does no damage.
You block the eight-headed hydra's attack.
You barely miss the eight-headed hydra. You headbutt the eight-headed hydra!
You slice one of the eight-headed hydra's heads off!
The seven-headed hydra grows two more!
You slice the nine-headed hydra!! You headbutt the nine-headed hydra.
You block the nine-headed hydra's attack. x2
The nine-headed hydra completely misses you.
The nine-headed hydra barely misses you. x2
You block the nine-headed hydra's attack.
The nine-headed hydra bites you!
The nine-headed hydra bites you but does no damage.
The nine-headed hydra bites you!
You hack one of the nine-headed hydra's heads off!
The eight-headed hydra grows two more!
You slash the ten-headed hydra! You headbutt the ten-headed hydra!
The ten-headed hydra bites you. The ten-headed hydra bites you!
You block the ten-headed hydra's attack.
The ten-headed hydra closely misses you.
The ten-headed hydra bites you but does no damage. x2
You block the ten-headed hydra's attack.
The ten-headed hydra bites you but does no damage.
The ten-headed hydra misses you.
The ten-headed hydra bites you but does no damage.
You barely miss the ten-headed hydra. You headbutt the ten-headed hydra.
You chop one of the ten-headed hydra's heads off!
The nine-headed hydra grows two more!
You hit the 11-headed hydra. The 11-headed hydra bites you.
You block the 11-headed hydra's attack. The 11-headed hydra barely misses you.
The 11-headed hydra bites you but does no damage.
The 11-headed hydra barely misses you. The 11-headed hydra closely misses you.
The 11-headed hydra bites you but does no damage.
The 11-headed hydra bites you.
The 11-headed hydra bites you but does no damage. x2
The 11-headed hydra barely misses you.
You lop one of the 11-headed hydra's heads off!
The ten-headed hydra grows two more!
You hit the 12-headed hydra. You block the 12-headed hydra's attack.
The 12-headed hydra bites you but does no damage. x2
The 12-headed hydra barely misses you. The 12-headed hydra bites you!
* * * LOW HITPOINT WARNING * * *
The 12-headed hydra bites you.
* * * LOW HITPOINT WARNING * * *
The 12-headed hydra bites you!
* * * LOW HITPOINT WARNING * * *
The 12-headed hydra bites you.
* * * LOW HITPOINT WARNING * * *
The 12-headed hydra bites you.
* * * LOW HITPOINT WARNING * * *
The 12-headed hydra bites you.
* * * LOW HITPOINT WARNING * * *
The 12-headed hydra bites you but does no damage.
The 12-headed hydra bites you.
* * * LOW HITPOINT WARNING * * *
Read which item? (? for menu, Esc to quit)
Okay, then.
Drink which item? (? for menu, Esc to quit)
You feel much better. The 12-headed hydra bites you.
The 12-headed hydra closely misses you. You block the 12-headed hydra's attack.
The 12-headed hydra barely misses you. x2; The 12-headed hydra bites you.
* * * LOW HITPOINT WARNING * * *
The 12-headed hydra barely misses you.
The 12-headed hydra bites you but does no damage.
You block the 12-headed hydra's attack.
The 12-headed hydra bites you but does no damage.
The 12-headed hydra bites you.
* * * LOW HITPOINT WARNING * * *
The 12-headed hydra bites you but does no damage.
Okay, then.
You gain the combat prowess of a mighty hero.
You feel slightly more hungry.
The 12-headed hydra is no longer covered in acid.
The 12-headed hydra bites you!
* * * LOW HITPOINT WARNING * * *
The 12-headed hydra bites you.
* * * LOW HITPOINT WARNING * * *
The 12-headed hydra barely misses you. The 12-headed hydra bites you!
* * * LOW HITPOINT WARNING * * *
The 12-headed hydra bites you but does no damage.
The 12-headed hydra closely misses you. The 12-headed hydra bites you.
You die...

........
...###....#
.......
....P#....#
......
..........#
......
....#.....##
...... ...
###...P#
...... ..
#...### .
#...#
..P.##...#
.....?.D@.#
.........##
...#(.....
..........#
(........#
.........##
.........#
...#.#..#


You could see a 12-headed hydra.

Vanquished Creatures
  Gastronok (D:8)
  Erolcha (D:8)
  A hydra (Lair:3)
  Erica (D:8)
  Sonja (Lair:4)
  A hill giant (D:8)
  A griffon (Lair:3)
  2 black mambas
  Joseph (D:8)
  An elephant (D:8)
  6 spiny frogs
  A komodo dragon (Lair:4)
  A merfolk (Lair:3)
  A two-headed ogre (D:7)
  Prince Ribbit (D:8)
  5 blink frogs (Lair:3)
  15 yaks
  Sigmund (D:4)
  A hungry ghost (D:8)
  A hippogriff (D:8)
  A steam dragon (Lair:4)
  6 porcupines
  5 water moccasins
  2 sky beasts
  2 orc warriors
  2 phantoms
  4 ogres
  A necrophage (D:7)
  2 centaurs
  6 crocodiles
  A big kobold (D:8)
  6 giant frogs
  A water moccasin zombie (D:7)
  3 scorpions (D:6)
  9 wights
  A howler monkey (D:6)
  An electric eel (Lair:3)
  2 crimson imps
  4 hounds
  6 orc priests
  A jelly (D:6)
  10 orc wizards
  3 iguanas
  10 worker ants
  18 sheep
  A hound zombie (D:6)
  A hound skeleton (D:6)
  2 worker ant zombies (D:5)
  6 gnolls
  A howler monkey skeleton (D:8)
  31 river rats
  11 adders
  A shadow imp (D:8)
  An ooze (D:5)
  An adder zombie (D:8)
  An adder skeleton (D:4)
  3 worms (D:2)
  3 dart slugs
  6 giant geckos
  45 orcs
  5 giant cockroaches
  7 goblins
  5 hobgoblins
  11 jackals
  2 quokkas
  2 ball pythons
  4 bats
  8 giant newts
  2 jackal skeletons
  13 kobolds
  23 rats
  A spectral orc (D:5)
  3 fungi
351 creatures vanquished.

Notes
Turn   | Place    | Note
--------------------------------------------------------------
     0 | D:1      | RKaid the Minotaur Fighter began the quest for the Orb.
     0 | D:1      | Reached XP level 1. HP: 19/19 MP: 0/0
    96 | D:1      | Reached skill level 3 in Axes
   223 | D:1      | Reached XP level 2. HP: 20/26 MP: 1/1
   855 | D:2      | Reached skill level 4 in Axes
   855 | D:2      | Reached XP level 3. HP: 28/31 MP: 2/2
   941 | D:2      | Found a burning altar of Makhleb.
   945 | D:2      | Reached skill level 5 in Axes
  1030 | D:2      | Reached XP level 4. HP: 39/39 MP: 3/3
  1407 | D:3      | Reached skill level 6 in Axes
  1423 | D:3      | Reached XP level 5. HP: 17/45 MP: 4/4
  1711 | D:3      | Reached skill level 4 in Shields
  1943 | D:3      | Reached skill level 7 in Axes
  2163 | D:3      | Reached XP level 6. HP: 42/51 MP: 5/5
  2830 | D:4      | Reached skill level 8 in Axes
  3160 | D:4      | Reached skill level 5 in Shields
  3256 | D:4      | Reached XP level 7. HP: 38/57 MP: 6/6
  3411 | D:4      | Noticed Sigmund
  3426 | D:4      | Killed Sigmund
  3426 | D:4      | Reached skill level 9 in Axes
  3794 | D:5      | Entered Level 5 of the Dungeon
  3852 | D:5      | Reached skill level 6 in Shields
  3935 | D:5      | Reached skill level 10 in Axes
  3935 | D:5      | Reached XP level 8. HP: 34/64 MP: 7/7
  3939 | D:5      | Found a staircase to the Ecumenical Temple.
  4122 | D:5      | Found an opulent altar of Gozag.
  4289 | D:5      | Found an oddly glowing altar of Pakellas.
  4510 | D:5      | Found a basalt altar of Yredelemnul.
  4562 | D:6      | Reached skill level 4 in Fighting
  4702 | D:6      | Reached skill level 5 in Fighting
  5033 | D:6      | Reached skill level 6 in Fighting
  5038 | D:6      | Reached skill level 7 in Fighting
  5101 | D:6      | Found a shimmering altar of Xom.
  5321 | D:6      | Got a bloodstained war axe
  5322 | D:6      | Identified the cursed +3 war axe "Fany" {chop, MP+9 Str+4 Dex+4 Stlth+} (You found it on level 6 of the Dungeon)
  5336 | D:6      | Reached skill level 8 in Fighting
  5353 | D:6      | Reached XP level 9. HP: 39/82 MP: 8/8
  5501 | Temple   | Entered the Ecumenical Temple
  5542 | Temple   | Became a worshipper of Warmaster Okawaru
  5719 | D:7      | Reached skill level 9 in Fighting
  5866 | D:7      | Reached skill level 10 in Fighting
  6039 | D:7      | Reached skill level 11 in Fighting
  6288 | D:7      | Reached * piety under Okawaru
  6330 | D:8      | Noticed a hill giant
  6336 | D:8      | Killed a hill giant
  6336 | D:8      | Reached skill level 12 in Fighting
  6562 | D:8      | Noticed Erica
  6575 | D:8      | Killed Erica
  6575 | D:8      | Reached ** piety under Okawaru
  6575 | D:8      | Reached skill level 13 in Fighting
  6575 | D:8      | Reached XP level 10. HP: 70/101 MP: 9/9
  6679 | D:8      | Found a staircase to the Lair.
  6679 | D:8      | Noticed an elephant
  6693 | D:8      | Killed an elephant
  6693 | D:8      | Reached skill level 4 in Armour
  6719 | D:8      | Reached skill level 11 in Axes
  6771 | D:8      | Noticed Joseph
  6797 | D:8      | Killed Joseph
  6873 | D:8      | Noticed Gastronok
  6892 | D:8      | Reached skill level 5 in Armour
  6911 | D:8      | Killed Gastronok
  6911 | D:8      | Reached *** piety under Okawaru
  6911 | D:8      | Reached **** piety under Okawaru
  6911 | D:8      | Reached skill level 12 in Axes
  6911 | D:8      | Reached skill level 6 in Armour
  7109 | D:8      | Noticed Erolcha
  7127 | D:8      | Killed Erolcha
  7127 | D:8      | Received a gift from Okawaru
  7127 | D:8      | Reached skill level 13 in Axes
  7127 | D:8      | Reached XP level 11. HP: 96/107 MP: 10/10
  7167 | D:8      | Noticed Prince Ribbit
  7172 | D:8      | Killed Prince Ribbit
  7172 | D:8      | Reached skill level 7 in Armour
  7231 | D:8      | Found a snail-covered altar of Cheibriados.
  7366 | Lair:1   | Entered Level 1 of the Lair of Beasts
  7866 | Lair:1   | Reached skill level 1 in Throwing
  7910 | Lair:1   | Reached ***** piety under Okawaru
  8398 | Lair:2   | Reached skill level 2 in Throwing
  8447 | Lair:2   | Reached skill level 14 in Axes
  8971 | Lair:3   | Reached skill level 3 in Throwing
  9197 | Lair:3   | Noticed a griffon
  9206 | Lair:3   | Killed a griffon
  9206 | Lair:3   | Received a gift from Okawaru
  9219 | Lair:3   | Got a pair of distressingly furry gloves {god gift}
  9226 | Lair:3   | Identified the +1 pair of gloves of Integrity {rC+ Str+7 Dex-2} (Okawaru gifted it to you on level 3 of the Lair of Beasts)
  9241 | Lair:3   | Noticed a four-headed hydra
  9251 | Lair:3   | HP: 25/107 [ten-headed hydra (9)]
  9251 | Lair:3   | HP: 8/107 [ten-headed hydra (12)]
  9486 | Lair:3   | Reached skill level 4 in Throwing
  9519 | Lair:3   | Reached skill level 15 in Axes
  9588 | Lair:3   | Killed an 11-headed hydra
  9745 | Lair:3   | Noticed a seven-headed hydra
  9803 | Lair:3   | Found a staircase to the Shoals.
 10157 | Lair:4   | Reached XP level 12. HP: 112/115 MP: 11/11
 10248 | Lair:4   | Reached skill level 16 in Axes
 10392 | Lair:4   | Noticed Sonja
 10399 | Lair:4   | Killed Sonja
 10511 | Lair:4   | Got a smoking glass ring
 10513 | Lair:4   | Identified the ring "Nastrast" {AC+2 Str+4 Int+4} (You found it on level 4 of the Lair of Beasts)
 10960 | Lair:5   | Noticed a seven-headed hydra
 10972 | Lair:5   | HP: 24/115 [12-headed hydra (8)]
 10974 | Lair:5   | HP: 3/115 [12-headed hydra (13)]
 10974 | Lair:5   | Slain by a 12-headed hydra

Skill      XL: |  1  2  3  4  5  6  7  8  9 10 11 12 |
---------------+-------------------------------------+-----
Axes           | 3 4 5 6 7 8 10 13 15 16 | 16.9
Shields        | 4 5 6 |  6.9
Fighting       | 8 13 | 13.1
Armour         | 6 7 |  7.2
Throwing       | 4 |  4.2

Action                   |  1- 3 |  4- 6 |  7- 9 | 10-12 || total
-------------------------+-------+-------+-------+-------++-------
Melee: War axe           |    67 |   176 |   255 |   311 ||   809
       Headbutt          |     8 |    24 |    71 |    92 ||   195
Throw: Javelin           |       |       |       |    28 ||    28
Invok: Heroism           |       |       |       |     1 ||     1
Evoke: Wand              |       |       |       |     4 ||     4
  Use: Scroll            |       |       |     8 |    19 ||    27
       Potion            |       |       |       |     1 ||     1
 Stab: Sleeping          |       |       |       |     1 ||     1
  Eat: Chunk             |       |     8 |     3 |     6 ||    17
       Royal jelly       |       |       |     1 |     1 ||     2
       Beef jerky        |       |       |     3 |     4 ||     7
       Pizza             |       |       |     1 |       ||     1
Armor: Scale mail        |    29 |    70 |    67 |     6 ||   172
       Ring mail         |       |       |       |    95 ||    95
Dodge: Dodged            |    18 |    49 |    67 |   100 ||   234
Block: Shield            |    40 |    82 |   115 |   102 ||   339
       Buckler           |       |       |       |    25 ||    25

Vault maps used:
D:1:      evilmike_arrival_hilbert_curve
D:2:      first_bread, corexii_shack, makhleb_heckhound_becter
D:4:      uniq_sigmund
D:5:      nicolae_gozag_cash_rules_everything_around_me,
          yredelemnul_forgotten_temple_becter, grunt_pakellas_basics,
          minmay_temple_entry_from_below_a, dk_noncrumbling_4, st_stairs_4
D:6:      lemuel_crystal_altar
D:7:      st_stairs_9, dk_rats_in_the_wall
D:8:      kennysheep_mini, david_lair_generic, uniq_joseph, uniq_erica,
          uniq_erolcha, uniq_gastronok, uniq_prince_ribbit1
Temple:   circular_temple_12
Lair:1:   nicolae_quartered_pool_medium
Lair:3:   dragon1_lemuel, elwin_shoals_entry_rooms, grunt_megastairs_3
Lair:4:   bh_autumn_forest_stairs, uniq_sonja
Lair:5:   beast_lair_carwin_large_4

Table legend:
 A = Turns spent in this place as a percentage of turns spent in the entire game.
 B = Non-inter-level travel turns spent in this place as a percentage of non-inter-level travel turns spent in the entire game.
 C = Inter-level travel turns spent in this place as a percentage of turns spent in this place.
 D = Turns resting spent in this place as a percentage of non-inter-level travel turns spent in this place.
 E = Turns spent auto-exploring this place as a percentage of non-inter-level travel turns spent in this place.
 F = Non-inter-level travel turns spent in this place divided by the number of levels of this place that you've seen.
                   A       B       C       D       E      F
               +-------+-------+-------+-------+-------+----------------------
         Total | 100.0 | 100.0 |   0.5 |   2.1 |   8.7 | 223.3
       Dungeon |  68.5 |  68.5 |   0.6 |   2.1 |   9.1 | 267.5
        Temple |   1.6 |   1.6 |   0.0 |   0.0 |   0.0 |  49.0
          Lair |  29.9 |  30.0 |   0.4 |   2.1 |   8.2 | 187.4
               +-------+-------+-------+-------+-------+----------------------

Table legend:
 A = Kills in this place as a percentage of kills in entire the game.
 B = Kills by you in this place as a percentage of kills by you in the entire game.
 C = Kills by friends in this place as a percentage of kills by friends in the entire game.
 D = Other kills in this place as a percentage of other kills in the entire game.
 E = Experience gained in this place as a percentage of experience gained in the entire game.
 F = Experience gained in this place divided by the number of levels of this place that you have seen.
                   A       B       C       D       E      F
               +-------+-------+-------+-------+-------+----------------------
         Total | 100.0 | 100.0 |  -nan |  -nan | 100.0 | 1867.9
       Dungeon |  71.6 |  71.6 |  -nan |  -nan |  45.6 | 1491.2
          Lair |  28.4 |  28.4 |  -nan |  -nan |  54.4 | 2844.2
               +-------+-------+-------+-------+-------+----------------------
